[Event "Titled Tuesday Blitz January 17 Late 2023"]
[White "Dimitrov, Atanas"]
[Black "TheKnightOfBosnia"]
[WhiteFideId "2901315"]
[WhiteElo "2269"]
[BlackElo "2530"]
[Result "1-0"]
[Round "04"]
[TimeControl "180+2"]
[Date "2023.01.17"]
[WhiteClock "0:00:03"]
[BlackClock "0:00:01"]

1. Nf3 Nf6 2. c4 e6 3. Nc3 d5 4. e3 a6 5. b3 c6 6. Bb2 Be7 7. Be2 b5 8. O-O O-O 9. Rc1 Nbd7 10. d4 bxc4 11. bxc4 dxc4 12. Bxc4 Rb8 13. Ba1 c5 14. Qe2 cxd4 15. Nxd4 Qb6 16. Rb1 Qd6 17. Rbd1 Qb6 18. Nb3 Ne5 19. Na4 Qc7 20. Rc1 Nxc4 21. Rxc4 Qb7 22. Rfc1 Bd7 23. Nac5 Qc8 24. Nxe6 Bxe6 25. Rxc8 Rfxc8 26. Rxc8+ Bxc8 27. h3 h6 28. Be5 Rb5 29. Bd4 Be6 30. Qc2 Bd5 31. Nd2 Ra5 32. Nc4 Rb5 33. Nb6 Be6 34. a4 Rb4 35. a5 Rb5 36. Qc7 Bf8 37. Na4 Ne4 38. g3 Rb1+ 39. Kg2 Rb5 40. Nc3 Nxc3 41. Qxc3 Bb4 42. Qb2 Bxa5 43. Qa1 f6 44. Qc1 Bd8 45. g4 Rd5 46. Qc6 Kf7 47. Qxa6 Be7 48. Qb7 h5 49. gxh5 Rxh5 50. Qc7 Bxh3+ 51. Kg1 Be6 52. f4 Bd5 53. Kf2 f5 54. Bc5 1-0


[Site "https://www.chess.com"]

[Event "Titled Tuesday Blitz January 17 Late 2023"]
[White "Sokolovsky, Yahli"]
[Black "Taichman, Ori"]
[WhiteFideId "2820242"]
[BlackFideId "2804069"]
[WhiteElo "2461"]
[BlackElo "2299"]
[Result "1-0"]
[Round "04"]
[TimeControl "180+2"]
[Date "2023.01.17"]
[WhiteClock "0:01:10"]
[BlackClock "0:00:16"]

1. b3 Nf6 2. Bb2 g6 3. d4 Bg7 4. Nf3 O-O 5. e3 c5 6. dxc5 Qa5+ 7. c3 Qxc5 8. Ba3 Qa5 9. Bxe7 Nd5 10. b4 Nxc3 11. bxa5 Nxd1 12. Bxf8 Bxa1 13. Bb4 Nc6 14. Bd2 Nb2 15. Bc3 d5 16. Bb5 d4 17. exd4 Bg4 18. O-O Bxf3 19. gxf3 a6 20. Bxc6 bxc6 21. Nd2 Nc4 22. Rxa1 1-0


[Site "https://www.chess.com"]

[Event "Titled Tuesday Blitz January 17 Late 2023"]
[White "Djordjevic, Vuk"]
[Black "Souleidis, Georgios"]
[WhiteFideId "902098"]
[BlackFideId "4206827"]
[WhiteElo "2375"]
[BlackElo "2419"]
[Result "1-0"]
[Round "04"]
[TimeControl "180+2"]
[Date "2023.01.17"]
[WhiteClock "0:01:14"]
[BlackClock "0:00:01"]

1. e4 c5 2. Nc3 Nc6 3. g3 e6 4. Bg2 Nge7 5. d3 d5 6. f4 g6 7. Nf3 Bg7 8. O-O O-O 9. e5 Rb8 10. Ne2 d4 11. c3 dxc3 12. bxc3 b6 13. Ba3 Nd5 14. Qd2 Ba6 15. Rac1 Re8 16. Rfd1 Rc8 17. g4 Qd7 18. Ng3 Na5 19. Ne4 Qa4 20. Bb2 Nb7 21. c4 Nb4 22. Rc3 Qd7 23. Ra3 Na5 24. Bc3 Nac6 25. Nd6 Bb7 26. Ng5 Rf8 27. Nxc8 Bxc8 28. d4 a5 29. dxc5 1-0


[Site "https://www.chess.com"]

[Event "Titled Tuesday Blitz January 17 Late 2023"]
[White "Fisher_TheGalactic"]
[Black "Leitao, Rafael"]
[BlackFideId "2101246"]
[WhiteElo "2537"]
[BlackElo "2592"]
[Result "1/2-1/2"]
[Round "04"]
[TimeControl "180+2"]
[Date "2023.01.17"]
[WhiteClock "0:00:49"]
[BlackClock "0:00:18"]

1. Nf3 Nf6 2. g3 d5 3. Bg2 e6 4. O-O Be7 5. d3 O-O 6. Nbd2 Nc6 7. e4 dxe4 8. dxe4 e5 9. c3 a5 10. Qe2 Bc5 11. Rd1 Qe7 12. Nc4 b6 13. Bg5 Ba6 14. Bf1 h6 15. Bxf6 Qxf6 16. Kg2 Qe6 17. Nfd2 Rad8 18. Qe1 Rd7 19. Ne3 Bxe3 20. Qxe3 Bxf1+ 21. Nxf1 Rxd1 22. Rxd1 Qxa2 23. Qe2 Qe6 24. Ne3 Ne7 25. Qd3 f5 26. exf5 Nxf5 27. Nxf5 Qxf5 28. Qxf5 Rxf5 29. Rd8+ Rf8 30. Rd7 Rf7 31. Rd8+ Kh7 32. Re8 Rd7 33. Rxe5 Rd2 34. b4 axb4 35. cxb4 Kg6 36. Re7 Rc2 37. h4 Kf6 38. Rd7 h5 39. Kf3 g6 40. Ke3 Rc4 41. Kd3 Rxb4 42. Rxc7 Rb2 43. Ke3 Rb4 44. f3 b5 45. Rc6+ Kf7 46. Rc7+ Kf6 47. Rc6+ Kf7 48. Rb6 Kg7 49. Rb7+ Kf6 50. Rb6+ Kf7 51. Kd3 Kg7 52. Kc3 Rc4+ 53. Kd3 Rb4 54. Ke3 Kf7 55. Ra6 Kg7 56. Rd6 Kf7 57. Kd3 Kg7 58. Rb6 Kf7 59. Kd2 Kg7 60. Ke3 Kf7 1/2-1/2


[Site "https://www.chess.com"]

[Event "Titled Tuesday Blitz January 17 Late 2023"]
[White "Nazari, Arad"]
[Black "Mendez Fortes, Eduardo Jesus"]
[WhiteFideId "12577324"]
[BlackFideId "3502376"]
[WhiteElo "2367"]
[BlackElo "2250"]
[Result "1/2-1/2"]
[Round "04"]
[TimeControl "180+2"]
[Date "2023.01.17"]
[WhiteClock "0:00:05"]
[BlackClock "0:00:04"]

1. e4 e5 2. f4 d5 3. exd5 exf4 4. Nf3 Nf6 5. Bb5+ c6 6. dxc6 bxc6 7. Bc4 Bd6 8. Qe2+ Kf8 9. O-O Nbd7 10. d4 Nb6 11. Bb3 a5 12. c4 a4 13. Bc2 c5 14. d5 Ra7 15. Na3 Re7 16. Qd3 Bd7 17. b3 Ng4 18. bxa4 Ne3 19. Re1 Nxc2 20. Nxc2 Bxa4 21. Bd2 f6 22. Rab1 Rxe1+ 23. Rxe1 Kf7 24. Re6 Re8 25. Qxh7 Nxc4 26. Bc3 Be5 27. Bxe5 Nxe5 28. Nxe5+ fxe5 29. Qg6+ Kf8 30. Ne1 Qxd5 31. Qf5+ Kg8 32. Rxe8+ Bxe8 33. Nf3 Qd1+ 34. Kf2 Qd5 35. Qxe5 Qxa2+ 36. Kf1 Qb1+ 37. Kf2 Qc2+ 38. Ke1 Bb5 39. Qb8+ Kh7 40. Ng5+ Kg6 41. Qd6+ Kxg5 42. Qe5+ Qf5 43. Qxg7+ Qg6 44. Qe7+ Kh5 45. Qxc5+ Qg5 46. Qd4 Qg4 47. Qh8+ Kg5 48. Qg7+ Kf5 49. Qf7+ Kg5 50. Qe7+ Kh5 51. Qh7+ Kg5 52. Qe7+ Kh6 53. Qf6+ Qg6 54. Qh8+ Kg5 55. Qe5+ Qf5 56. h4+ Kg4 57. Qg7+ Kxh4 58. Qh6+ Kg3 59. Qg7+ Kh2 60. Kf2 Qc2+ 61. Kf3 Qd3+ 62. Kxf4 Qd2+ 63. Kf5 Bd3+ 64. Kf6 Qc3+ 65. Kf7 Bc4+ 66. Kg6 Qg3+ 67. Kf6 Qf4+ 68. Ke7 Qc7+ 69. Kf6 Qd6+ 70. Kg5 Qd2+ 71. Kf6 Qf4+ 72. Ke7 Qe4+ 73. Kf6 Qe6+ 74. Kg5 Bd3 75. Qc7+ Kh1 76. Kf4 Qe4+ 77. Kg3 Qe3+ 78. Kg4 Be2+ 79. Kf5 Bd3+ 80. Kf6 Qh6+ 81. Ke7 Qg7+ 82. Kd6 Qg3+ 83. Kc6 Bb5+ 84. Kb6 Qxc7+ 85. Kxc7 Kxg2 1/2-1/2


[Site "https://www.chess.com"]

[Event "Titled Tuesday Blitz January 17 Late 2023"]
[White "Munoz, Francisco Javier"]
[Black "Timmermans, Mark"]
[WhiteFideId "128368"]
[BlackFideId "1026399"]
[WhiteElo "2389"]
[BlackElo "2392"]
[Result "0-1"]
[Round "04"]
[TimeControl "180+2"]
[Date "2023.01.17"]
[WhiteClock "0:00:09"]
[BlackClock "0:00:15"]

1. e4 e5 2. Nc3 Nf6 3. f4 d5 4. fxe5 Nxe4 5. Nf3 Bg4 6. d4 Bb4 7. Bd2 Bxf3 8. Qxf3 Nxd2 9. Kxd2 Nc6 10. Bb5 O-O 11. Bxc6 bxc6 12. Rad1 Ba5 13. Kc1 Rb8 14. b3 Qe7 15. Kb1 Bb4 16. h4 f6 17. exf6 Rxf6 18. Qd3 Re6 19. Na4 a5 20. h5 h6 21. g3 Re3 22. Qg6 Qd6 23. Rhf1 Qxg6 24. hxg6 Rxg3 25. Rf7 Bd6 26. Rd7 Rxg6 27. Nc5 h5 28. Rh1 Bxc5 29. dxc5 Rh6 30. Rg1 Kh8 31. Rxc7 h4 32. Rcxg7 h3 33. R7g3 h2 34. Rh1 Rg8 35. Rxg8+ Kxg8 36. Kc1 Kf7 37. Kd2 Ke6 38. Ke2 d4 39. Kf3 Kd5 40. Kg2 Kxc5 41. a3 a4 42. bxa4 Kb6 43. Kf3 Ka5 44. Ke4 Rh4+ 45. Kd3 Kxa4 46. c3 dxc3 47. Kxc3 Kb5 48. Kb3 Rh3+ 49. Kc2 Ka4 50. Kb2 c5 51. Ka2 c4 52. Kb2 Kb5 53. Kc2 Rxa3 54. Kb2 Rh3 55. Kc2 Kc5 56. Kd2 c3+ 57. Kc2 Kc4 58. Kb1 Kb3 59. Kc1 Rg3 0-1


[Site "https://www.chess.com"]

[Event "Titled Tuesday Blitz January 17 Late 2023"]
[White "Martinez Reyes, Pedro Ramon"]
[Black "Bazeev, German"]
[WhiteFideId "3901807"]
[BlackFideId "24119350"]
[WhiteElo "2376"]
[BlackElo "2369"]
[Result "1-0"]
[Round "04"]
[TimeControl "180+2"]
[Date "2023.01.17"]
[WhiteClock "0:01:56"]
[BlackClock "0:00:30"]

1. e4 c5 2. Nf3 Nf6 3. e5 Nd5 4. b3 Nc6 5. Bb2 e6 6. Bb5 Be7 7. O-O g5 8. Bxc6 dxc6 9. d3 Qc7 10. Nfd2 Rg8 11. Ne4 g4 12. Nbd2 b5 13. a4 Bd7 14. Kh1 h5 15. Qe2 h4 16. Nf6+ Bxf6 17. exf6 h3 18. g3 a5 19. Be5 Qb6 20. Ne4 Kd8 21. c4 Nb4 22. Rac1 bxa4 23. bxa4 Be8 24. Bd6 1-0


[Site "https://www.chess.com"]

[Event "Titled Tuesday Blitz January 17 Late 2023"]
[White "Milikow, Yoav"]
[Black "Potapova, Margarita"]
[WhiteFideId "2822237"]
[BlackFideId "14126869"]
[WhiteElo "2394"]
[BlackElo "2104"]
[Result "1-0"]
[Round "04"]
[TimeControl "180+2"]
[Date "2023.01.17"]
[WhiteClock "0:01:16"]
[BlackClock "0:00:06"]

1. d4 Nf6 2. c4 c5 3. d5 b5 4. Nf3 g6 5. cxb5 a6 6. b6 Bg7 7. Nc3 O-O 8. e4 d6 9. Be2 Nbd7 10. O-O Nxb6 11. Rb1 a5 12. b3 Ba6 13. Bb2 Bxe2 14. Qxe2 Qc8 15. Nd2 Qa6 16. a4 Qxe2 17. Nxe2 Rfc8 18. Rfc1 e6 19. Bxf6 Bxf6 20. Nc4 Nxc4 21. bxc4 exd5 22. exd5 Re8 23. Kf1 Rab8 24. Rb5 Rxb5 25. cxb5 Re4 26. Rb1 Bd8 27. b6 Rb4 28. Rxb4 axb4 29. a5 c4 30. Ke1 Kf8 31. Nd4 Ke8 32. Kd2 Kd7 33. Nc6 Bg5+ 34. Kd1 b3 35. b7 c3 36. b8=Q c2+ 37. Ke2 c1=Q 38. Qb7+ Ke8 39. Qc8+ Bd8 40. Qxd8# 1-0


[Site "https://www.chess.com"]

[Event "Titled Tuesday Blitz January 17 Late 2023"]
[White "Winterberg, Lukas"]
[Black "Boyer, Mahel"]
[WhiteFideId "24622702"]
[BlackFideId "45102422"]
[WhiteElo "2402"]
[BlackElo "2489"]
[Result "1-0"]
[Round "04"]
[TimeControl "180+2"]
[Date "2023.01.17"]
[WhiteClock "0:00:15"]
[BlackClock "0:00:01"]

1. d4 d6 2. Nf3 Nd7 3. c4 e5 4. Nc3 g6 5. e4 Bg7 6. Be2 Ne7 7. Be3 O-O 8. Qd2 f5 9. dxe5 Nxe5 10. Nxe5 Bxe5 11. f4 Bg7 12. O-O fxe4 13. Nxe4 Nf5 14. Bf2 c6 15. Rad1 Re8 16. Bf3 Be6 17. b3 d5 18. Ng5 d4 19. Rfe1 Qd6 20. g4 Nh6 21. Bxd4 Qxd4+ 22. Qxd4 Bxd4+ 23. Rxd4 Bxg4 24. Rxe8+ Rxe8 25. Bxg4 Nxg4 26. Rd7 h6 27. Nf3 Re2 28. Ne5 Ne3 29. h4 Rg2+ 30. Kh1 Rxa2 31. Rxb7 Nf5 32. Nxg6 Ng3+ 33. Kg1 a5 34. Ne7+ Kf8 35. Nxc6 Ne2+ 36. Kf2 Nd4+ 37. Ke3 Nxc6 38. Rb6 Ne7 39. Ke4 Re2+ 40. Kf3 Rb2 41. c5 a4 42. bxa4 Ra2 43. Rxh6 Rxa4 44. h5 Rc4 45. Rf6+ Kg7 46. Re6 Kf7 47. Re5 Nc6 48. Rd5 Ne7 49. Re5 Nc6 50. Rg5 Nd4+ 51. Kg4 Ne6 52. Rf5+ Kg7 53. h6+ Kh7 54. Rf7+ Kg8 55. Re7 Nxc5 56. Rc7 Rc3 57. f5 Kh8 58. f6 Rc1 59. f7 Rg1+ 60. Kh5 Rf1 61. Rc8+ Kh7 62. f8=Q Rxf8 63. Rxf8 Ne6 64. Rf7+ Kg8 65. Kg6 Kh8 66. Rf6 1-0


[Site "https://www.chess.com"]

[Event "Titled Tuesday Blitz January 17 Late 2023"]
[White "Sai Krishna G V"]
[Black "Principe, Gerson"]
[WhiteFideId "5028280"]
[BlackFideId "3804550"]
[WhiteElo "2384"]
[BlackElo "2226"]
[Result "1/2-1/2"]
[Round "04"]
[TimeControl "180+2"]
[Date "2023.01.17"]
[WhiteClock "0:00:19"]
[BlackClock "0:00:05"]

1. e4 c6 2. d4 d5 3. Nc3 dxe4 4. Nxe4 Nf6 5. Nxf6+ exf6 6. c3 Bd6 7. Bd3 O-O 8. Ke2 Re8+ 9. Be3 Bg4+ 10. Nf3 f5 11. Kf1 f4 12. Bd2 Nd7 13. Qc2 Nf8 14. h3 Bh5 15. Nh2 Qh4 16. Nf3 Qf6 17. Nh2 f3 18. g3 Bg6 19. Ng4 Qe6 20. Ne3 Rad8 21. Re1 Qxa2 22. Nf5 Rxe1+ 23. Bxe1 Qe6 24. Nxd6 Rxd6 25. Bxg6 hxg6 26. Qd3 Qf5 27. Qxf5 gxf5 28. g4 fxg4 29. hxg4 Rg6 30. Rh3 Rxg4 31. Rxf3 Re4 32. Bd2 Ne6 33. Be3 a6 34. Ke2 g6 35. Kd3 Rg4 36. c4 Nc7 37. Rh3 Kg7 38. Bd2 b5 39. b3 f6 40. Bc3 Ne6 41. Rf3 Rf4 42. Re3 Kf7 43. Rh3 Rxf2 44. Rh7+ Ke8 45. Ra7 f5 46. d5 Nc5+ 47. Ke3 Rf1 48. dxc6 Kd8 49. Bf6+ Kc8 50. Kd4 Nxb3+ 51. Kd5 Rd1+ 52. Ke6 Nc5+ 53. Ke7 Re1+ 54. Kd6 Ne4+ 55. Ke6 Nxf6+ 56. Kxf6 Rd1 57. c5 b4 58. Rxa6 Kc7 59. Kxg6 Rd5 60. Rb6 Rxc5 61. Rxb4 Kxc6 62. Rf4 Rd5 63. Rxf5 Rxf5 64. Kxf5 1/2-1/2


[Site "https://www.chess.com"]

[Event "Titled Tuesday Blitz January 17 Late 2023"]
[White "Injac, Teodora"]
[Black "Pasti, Aron"]
[WhiteFideId "932400"]
[BlackFideId "785857"]
[WhiteElo "2391"]
[BlackElo "2361"]
[Result "1-0"]
[Round "04"]
[TimeControl "180+2"]
[Date "2023.01.17"]
[WhiteClock "0:01:02"]
[BlackClock "0:01:00"]

1. d4 d5 2. c4 e6 3. Nf3 Nf6 4. g3 Be7 5. Bg2 O-O 6. O-O Nbd7 7. Nbd2 c6 8. Qc2 b6 9. e4 dxc4 10. Nxc4 Bb7 11. Re1 c5 12. Bf4 cxd4 13. Nd6 Bxd6 14. Bxd6 Re8 15. Nxd4 Nc5 16. Bxc5 Rc8 17. Nb3 bxc5 18. Nxc5 Qb6 19. Rac1 Rc7 20. a3 a5 21. Qb3 Qxb3 22. Nxb3 Rxc1 23. Rxc1 a4 24. Nc5 Rc8 25. Rc3 Ba8 26. Nxa4 Rd8 27. Nc5 Rd1+ 28. Bf1 g5 29. Rd3 Rxd3 30. Bxd3 1-0


[Site "https://www.chess.com"]

[Event "Titled Tuesday Blitz January 17 Late 2023"]
[White "Sukandar, Irine Kharisma"]
[Black "Skvortsov, Andrei"]
[WhiteFideId "7101937"]
[BlackFideId "24108600"]
[WhiteElo "2390"]
[BlackElo "2313"]
[Result "0-1"]
[Round "04"]
[TimeControl "180+2"]
[Date "2023.01.17"]
[WhiteClock "0:02:12"]
[BlackClock "0:02:06"]

1. d4 g6 2. Nc3 d5 3. Bf4 c6 4. e4 Qb6 5. exd5 Qxb2 6. Nge2 Qa3 7. dxc6 bxc6 8. Rb1 Nd7 9. d5 Bg7 10. Rb2 Qxb2 0-1


[Site "https://www.chess.com"]

[Event "Titled Tuesday Blitz January 17 Late 2023"]
[White "Domingo Nunez, Ruben"]
[Black "Marczuk, Dominik"]
[WhiteFideId "22245570"]
[BlackFideId "1111264"]
[WhiteElo "2416"]
[BlackElo "2253"]
[Result "1-0"]
[Round "04"]
[TimeControl "180+2"]
[Date "2023.01.17"]
[WhiteClock "0:01:17"]
[BlackClock "0:00:08"]

1. e4 c5 2. d4 cxd4 3. c3 d3 4. Bxd3 Nc6 5. c4 g6 6. h3 Bg7 7. Nf3 d6 8. O-O Nf6 9. Nc3 O-O 10. Be3 Bd7 11. Rc1 Rc8 12. b3 a6 13. Qe2 Qa5 14. Rfd1 Ne5 15. Bb1 Nxf3+ 16. Qxf3 Bc6 17. Nd5 Bxd5 18. exd5 Nd7 19. h4 b5 20. h5 bxc4 21. bxc4 Ne5 22. Qe2 Qa4 23. c5 dxc5 24. Bxc5 Rfe8 25. Be3 Qb5 26. Rc2 Rxc2 27. Qxc2 Rd8 28. Qe4 Qc4 29. Rd4 Qe2 30. h6 Bf6 31. Bc2 Rc8 32. Bb3 Rc3 33. d6 exd6 34. Qa8+ 1-0


[Site "https://www.chess.com"]

[Event "Titled Tuesday Blitz January 17 Late 2023"]
[White "Msellek, Ilyass"]
[Black "Reprintsev, Alexander"]
[WhiteFideId "675938"]
[BlackFideId "14100541"]
[WhiteElo "2420"]
[BlackElo "2253"]
[Result "1-0"]
[Round "04"]
[TimeControl "180+2"]
[Date "2023.01.17"]
[WhiteClock "0:00:06"]
[BlackClock "0:00:14"]

1. d4 d5 2. Nf3 Nc6 3. e3 Bf5 4. Bb5 f6 5. c4 e6 6. Nc3 Bb4 7. Qa4 Bxc3+ 8. bxc3 Ne7 9. Ba3 Kf7 10. Nh4 a6 11. Bxc6 Nxc6 12. Nxf5 exf5 13. O-O Kg6 14. Rab1 Rb8 15. f4 h5 16. Rf3 Re8 17. Rg3+ Kh6 18. h4 Re4 19. Kh2 dxc4 20. Qxc4 Qe8 21. Re1 b5 22. Qd5 g6 23. Rf1 Rd8 24. Qc5 Na5 25. Rff3 Nc4 26. Bb4 c6 27. Qa7 Nd2 28. Rf2 Nc4 29. Rff3 Ra8 30. Qc7 a5 31. Bc5 Rc8 32. Qb7 Rd8 33. Rxg6+ Qxg6 34. Rg3 Qxg3+ 35. Kxg3 Rxe3+ 36. Kh2 Kg6 37. Qxc6 Rde8 38. d5 Re2 39. Bd4 Rf8 40. Qxb5 Nd6 41. Qxe2 Ne4 42. Qa6 Rd8 43. c4 Rb8 44. Qa7 Rb1 45. d6 Rd1 46. d7 Nd2 47. d8=Q Nf1+ 48. Kh3 Rd3+ 49. Be3 Rxe3+ 50. Qxe3 Nxe3 51. Qg8+ Kh6 52. c5 Nd5 53. Qxd5 a4 54. c6 a3 55. c7 Kg6 56. c8=Q Kh6 57. Qh8+ Kg6 58. Qdg8# 1-0


[Site "https://www.chess.com"]

[Event "Titled Tuesday Blitz January 17 Late 2023"]
[White "Ladan, Nicholas"]
[Black "Di Berardino, Diego Rafael"]
[WhiteFideId "30918855"]
[BlackFideId "2105446"]
[WhiteElo "2228"]
[BlackElo "2479"]
[Result "0-1"]
[Round "04"]
[TimeControl "180+2"]
[Date "2023.01.17"]
[WhiteClock "0:00:33"]
[BlackClock "0:00:32"]

1. d4 Nf6 2. Bf4 c5 3. c3 cxd4 4. cxd4 d5 5. Nc3 Nc6 6. e3 Bf5 7. Nf3 e6 8. Bd3 Bxd3 9. Qxd3 Bd6 10. Bxd6 Qxd6 11. O-O O-O 12. Rfc1 a6 13. a3 Rfc8 14. Rc2 Na5 15. Ne5 Nd7 16. f4 f6 17. Nxd7 Qxd7 18. Rf1 f5 19. g4 fxg4 20. Rg2 Nc4 21. b3 Nd6 22. Rxg4 Nf5 23. Na4 Qd6 24. Kh1 Rc7 25. b4 Rac8 26. Nc5 b6 27. Qxa6 bxc5 28. Qxd6 Nxd6 29. dxc5 Nc4 30. a4 Nxe3 31. Rgg1 Nxf1 32. Rxf1 Ra7 33. a5 Rb8 34. Rb1 Rxa5 0-1


[Site "https://www.chess.com"]

[Event "Titled Tuesday Blitz January 17 Late 2023"]
[White "Perez Perez, Gabriel"]
[Black "Solon, Nathan"]
[WhiteFideId "32089147"]
[BlackFideId "2017229"]
[WhiteElo "2185"]
[BlackElo "2306"]
[Result "1/2-1/2"]
[Round "04"]
[TimeControl "180+2"]
[Date "2023.01.17"]
[WhiteClock "0:00:04"]
[BlackClock "0:00:03"]

1. c4 Nf6 2. Nf3 c5 3. g3 d5 4. cxd5 Nxd5 5. Nc3 Nc6 6. Bg2 Nc7 7. O-O e5 8. d3 Be7 9. Nd2 Bd7 10. Nc4 f6 11. Nd5 Be6 12. Nxe7 Qxe7 13. Be3 Nd5 14. Bd2 Rc8 15. a3 O-O 16. Rc1 Rfd8 17. Ne3 Nd4 18. Bc3 Nxe3 19. fxe3 Nb3 20. Rb1 b5 21. Qe1 c4 22. Rd1 Qc5 23. Qf2 a5 24. d4 exd4 25. exd4 Qb6 26. d5 Qxf2+ 27. Kxf2 Bf7 28. Bh3 Rc5 29. d6 Rc6 30. d7 Be6 31. Bxe6+ Rxe6 32. Rd5 Re7 33. Rfd1 Kf7 34. Rxb5 Rexd7 35. Rxd7+ Rxd7 36. Bxa5 Rd1 37. Bc3 Rh1 38. Kg2 Rc1 39. Rb4 Rc2 40. Kf3 Kg6 41. Rxc4 Nd2+ 42. Bxd2 Rxc4 43. Bc3 Kf7 44. Ke3 Ke6 45. Kd3 Rc8 46. a4 f5 47. a5 Kd5 48. b4 g5 49. b5 Kc5 50. b6 Rd8+ 51. Ke3 Kb5 52. Kf3 Rc8 53. Bf6 Kxa5 54. Bxg5 Kxb6 55. Kf4 Rf8 56. e4 fxe4+ 57. Kxe4 Kc6 58. Bf4 Kd7 59. Kf3 Ke6 60. Kg4 Rf5 61. Kf3 Rb5 62. Kg4 Kf7 63. h4 h5+ 64. Kf3 Kg6 65. Ke4 Rb3 66. Ke5 Rb5+ 67. Ke4 Rb4+ 68. Ke5 Ra4 69. Kd5 Kf5 70. Bc7 Re4 71. Bf4 Re2 72. Kd4 Kg4 73. Kd3 Re8 74. Kd4 Kf3 75. Kd3 Rd8+ 76. Kc4 Rd7 77. Kc3 Ke2 78. Kc4 Kf3 79. Kc3 Ke4 80. Kc2 Rd8 81. Kc3 Rd1 82. Kc2 Rd5 83. Kc3 Kf3 84. Kc4 Rd1 85. Kc3 Rd7 86. Kc4 Ke4 87. Kc3 Rd5 88. Kc2 Rc5+ 89. Kd2 Kf3 90. Kd3 Rd5+ 91. Kc4 Rf5 92. Kd3 Rd5+ 93. Kc4 1/2-1/2


[Site "https://www.chess.com"]

[Event "Titled Tuesday Blitz January 17 Late 2023"]
[White "Godzwon, Iwo"]
[Black "Gasparyan, David"]
[WhiteFideId "21802483"]
[BlackFideId "13311980"]
[WhiteElo "2394"]
[BlackElo "2142"]
[Result "1-0"]
[Round "04"]
[TimeControl "180+2"]
[Date "2023.01.17"]
[WhiteClock "0:00:39"]
[BlackClock "0:00:21"]

1. e4 d6 2. d4 Nd7 3. Nc3 g6 4. f4 Bg7 5. Nf3 c6 6. Bd3 Qc7 7. O-O e5 8. Be3 Ngf6 9. Qd2 Ng4 10. d5 Nxe3 11. Qxe3 exf4 12. Qxf4 O-O 13. Kh1 Ne5 14. Rad1 Bg4 15. Be2 Bxf3 16. gxf3 f5 17. Qd2 Rad8 18. f4 Ng4 19. Bxg4 fxg4 20. Qd3 Qe7 21. Rde1 Qh4 22. Nd1 Rxf4 23. c3 Be5 24. Rxf4 Bxf4 25. Re2 Rf8 26. Kg1 g3 27. hxg3 Bxg3 28. Rg2 c5 29. Rxg3 Qh5 30. Nf2 Qh6 31. Qe3 Qh4 32. Rh3 Qf6 33. Kg2 g5 34. Rf3 Qh6 35. Rxf8+ Kxf8 36. Nh3 Qg6 37. Kg3 h6 38. Qf3+ Kg7 39. Qf5 Qh5 40. Qd7+ Kg8 41. Nf2 Qh4+ 42. Kg2 Qf4 43. Qc8+ Kg7 44. Qxb7+ Kg6 45. Qd7 h5 46. Qe8+ Kh6 47. Qe6+ Kg7 48. e5 dxe5 49. d6 g4 50. d7 Qf3+ 51. Kg1 g3 52. Qxe5+ Kh7 53. Qe4+ Qxe4 54. Nxe4 h4 55. d8=Q Kg6 56. Qxh4 g2 57. Qg3+ Kf5 58. Qxg2 Kf4 59. Nxc5 a6 60. Qe4+ Kg3 61. Nd3 Kh3 62. Nf2+ Kg3 63. Qg4# 1-0


[Site "https://www.chess.com"]

[Event "Titled Tuesday Blitz January 17 Late 2023"]
[White "Rostomyan, Mikayel"]
[Black "Jovic, Stanoje"]
[WhiteFideId "13313754"]
[BlackFideId "905020"]
[WhiteElo "2222"]
[BlackElo "2075"]
[Result "0-1"]
[Round "04"]
[TimeControl "180+2"]
[Date "2023.01.17"]
[WhiteClock "0:00:08"]
[BlackClock "0:00:30"]

1. d4 Nf6 2. c4 e6 3. Nc3 Bb4 4. Bg5 h6 5. Bh4 b6 6. e3 g5 7. Bg3 Ne4 8. Qc2 Bb7 9. Nf3 f5 10. Bd3 Bxc3+ 11. bxc3 d6 12. O-O Nd7 13. Nd2 Nxd2 14. Qxd2 Qf6 15. c5 bxc5 16. Rab1 Bc6 17. f4 Ke7 18. Qf2 Rag8 19. Kh1 Rb8 20. c4 Rb6 21. d5 exd5 22. fxg5 hxg5 23. Rxb6 axb6 24. Bxf5 dxc4 25. e4 c3 26. Qe2 Qd4 27. Qg4 Qg7 28. Qe2 Ne5 29. Qa6 Ra8 30. Qe2 b5 31. Qe1 b4 32. h4 Rh8 33. Kg1 c2 34. hxg5 Qxg5 35. Bxe5 dxe5 36. Qf2 c1=Q 37. Bh3 Qce3 0-1


[Site "https://www.chess.com"]

[Event "Titled Tuesday Blitz January 17 Late 2023"]
[White "Andrews, Todd"]
[Black "Hamitevici, Vladimir"]
[WhiteFideId "2012456"]
[BlackFideId "13902393"]
[WhiteElo "2220"]
[BlackElo "2496"]
[Result "0-1"]
[Round "04"]
[TimeControl "180+2"]
[Date "2023.01.17"]
[WhiteClock "0:00:05"]
[BlackClock "0:00:12"]

1. e4 e5 2. Nf3 Nc6 3. d4 exd4 4. Nxd4 Qf6 5. Nb5 Bc5 6. Qd2 Bb6 7. N1c3 Nge7 8. Bc4 Ne5 9. Bb3 a6 10. Na3 Qg6 11. f4 Ng4 12. Nc4 Bf2+ 13. Kf1 Ba7 14. f5 Qf6 15. h3 Ne5 16. Ne3 c6 17. Ng4 Nxg4 18. hxg4 Qe5 19. Qf4 d6 20. Qxe5 dxe5 21. g5 g6 22. g4 Bd7 23. Ke2 Bd4 24. Be3 c5 25. Nd5 Bb5+ 26. c4 Nxd5 27. exd5 Bd7 28. Bxd4 exd4 29. fxg6 fxg6 30. Raf1 Bxg4+ 31. Kd2 Bf5 32. Re1+ Kd7 33. Ba4+ Kd6 34. Re2 b5 35. Bb3 Rab8 36. Kc1 bxc4 37. Bxc4 a5 38. Rhe1 a4 39. Re7 Rb4 40. b3 axb3 41. axb3 Ra8 42. Kb2 Rab8 43. Ka3 R4b7 44. Rxb7 Rxb7 45. Re8 Re7 46. Rd8+ Kc7 47. Rh8 d3 48. Kb2 Re2+ 49. Kc1 d2+ 50. Kd1 Rf2 51. Rxh7+ Kd6 52. Rh8 Bg4+ 53. Kc2 d1=Q+ 54. Kc3 Qd2# 0-1


[Site "https://www.chess.com"]

[Event "Titled Tuesday Blitz January 17 Late 2023"]
[White "Urbina Perez, Juan Antonio"]
[Black "Haydon, David L"]
[WhiteFideId "2217368"]
[BlackFideId "415405"]
[WhiteElo "2266"]
[BlackElo "2253"]
[Result "0-1"]
[Round "04"]
[TimeControl "180+2"]
[Date "2023.01.17"]
[WhiteClock "0:00:55"]
[BlackClock "0:01:57"]

1. e4 c6 2. d4 d5 3. Nd2 dxe4 4. Nxe4 Nf6 5. Nxf6+ exf6 6. c3 Bd6 7. Bd3 O-O 8. Ne2 Re8 9. Qc2 g6 10. Be3 Nd7 11. O-O-O f5 12. g3 Nf6 13. Bf4 Be6 14. Kb1 Bd5 15. Rhe1 Ng4 16. Bxd6 Qxd6 17. Nf4 Nxh2 18. Nxd5 cxd5 19. Rh1 Ng4 20. Rh4 h5 21. Ka1 Re7 22. a3 Rae8 23. Ka2 Re1 24. Rxe1 Rxe1 25. Bxf5 gxf5 26. Qxf5 Qg6 27. Qc8+ Kg7 28. Qxb7 Nf6 29. Qxa7 Qb1+ 30. Kb3 Re2 31. Qa6 Rxb2+ 32. Ka4 Qc2+ 33. Ka5 Qxc3+ 34. Ka4 Qb3+ 0-1


[Site "https://www.chess.com"]

[Event "Titled Tuesday Blitz January 17 Late 2023"]
[White "Golding, Alex"]
[Black "Djokic, Mihailo"]
[WhiteFideId "427241"]
[BlackFideId "976440"]
[WhiteElo "2318"]
[BlackElo "2192"]
[Result "0-1"]
[Round "04"]
[TimeControl "180+2"]
[Date "2023.01.17"]
[WhiteClock "0:00:02"]
[BlackClock "0:00:06"]

1. e4 c5 2. Nf3 d6 3. Bb5+ Bd7 4. Bxd7+ Qxd7 5. O-O Nc6 6. b3 Nf6 7. Re1 g6 8. Bb2 Bg7 9. d3 O-O 10. a4 Rfd8 11. Nbd2 Nxe4 12. Bxg7 Nxd2 13. Bh6 Nxf3+ 14. Qxf3 Nd4 15. Qd1 Nf5 16. Bd2 e5 17. b4 cxb4 18. Bxb4 Rac8 19. c3 Re8 20. a5 d5 21. Qg4 h5 22. Qf3 Qc6 23. h3 e4 24. Qe2 e3 25. d4 Qc4 26. Qxc4 Rxc4 27. fxe3 Rxe3 28. Rxe3 Nxe3 29. a6 bxa6 30. Rxa6 Nc2 31. Bc5 Rxc3 32. Rxa7 Ne3 33. Kf2 Nf5 34. Rd7 Rc2+ 35. Kf3 Nh4+ 36. Kg3 g5 37. Kh2 Nxg2 38. Kg1 Nf4 39. Bd6 Nxh3+ 40. Kf1 h4 41. Be5 Rf2+ 42. Ke1 g4 43. Rd8+ Kh7 44. Rh8+ Kg6 45. Rxh4 Rg2 46. Rh8 Ng5 47. Kf1 Rc2 48. Rd8 Nf3 49. Rxd5 Nxe5 50. dxe5 g3 51. Kg1 Kf5 52. Rd7 Ke6 53. Rd3 g2 54. Rf3 Ra2 55. Rf6+ Ke7 56. Kh2 Re2 57. Kg1 Rxe5 58. Rf2 Rg5 59. Re2+ Kf6 60. Rf2+ Kg6 61. Re2 Rg4 62. Rf2 Kg7 63. Re2 Rg3 64. Rf2 Rg6 65. Re2 Kf8 66. Rf2 Ke7 67. Re2+ Re6 68. Rf2 Rg6 69. Rd2 f5 70. Rxg2 Rb6 71. Ra2 Kf6 72. Kf2 Kg5 73. Ra4 Rb3 74. Ra8 Kf4 75. Ra4+ Kg5 76. Ra8 Kg4 77. Ra4+ f4 78. Ra8 Rb2+ 79. Kf1 Kg3 0-1


[Site "https://www.chess.com"]